 Dungeon Crawl Stone Soup version 0.21.1-1-g345015fe64 (webtiles) character file.

129 Anathary the Ruffian (level 4, -1/40 HPs)
             Began as a Draconian Berserker on June 10, 2018.
             Was a Believer of Trog.
             Slain by Hercules1031's ghost (10 damage)
             ... on level 3 of the Dungeon.
             The game lasted 00:11:29 (2606 turns).

Anathary the Ruffian (Draconian Berserker)          Turns: 2606, Time: 00:11:30

Health: -1/40      AC:  6    Str: 20    XL:     4   Next: 88%
Magic:  0/4        EV: 13    Int:  7    God:    Trog [**....]
Gold:   83         SH:  0    Dex: 11    Spells: 3/3 levels left

rFire    . . .     SeeInvis .     - Unarmed
rCold    . . .     Gourm    .   (no shield)
rNeg     . . .     Faith    .   (armour unavailable)
rPois    +         Spirit   +   (helmet restricted)
rElec    .         Reflect  .   o - +0 cloak {rPois}
rCorr    .         Harm     .   (no gloves)
MR       .....                  (no boots)
Stlth    +.........             f - amulet of guardian spirit
HPRegen  0.13/turn              (no ring)
MPRegen  0.09/turn              (no ring)

@: no status effects
A: unfitting armour, cold-blooded, AC +5
a: Berserk, Trog's Hand, Burn Spellbooks, Renounce Religion


You were on level 3 of the Dungeon.
You worshipped Trog.
Trog was pleased with you.
You were not hungry.

You visited 1 branch of the dungeon, and saw 3 of its levels.

You collected 83 gold pieces.

Inventory:

Hand Weapons
 n - a +2 quarterstaff of chaos
Armour
 o - a +0 cloak of poison resistance (worn)
Jewellery
 f - an amulet of guardian spirit (around neck)
Scrolls
 b - a scroll of blinking {unknown}
 d - 3 scrolls of amnesia {unknown}
 e - 2 scrolls of noise {unknown}
 j - a scroll of random uselessness {unknown}
 k - a scroll of enchant armour {unknown}
 m - a scroll of immolation {unknown}
Potions
 c - a potion of lignification {unknown}
 g - a potion of cancellation {unknown}
 h - a potion of degeneration {unknown}
 i - 2 potions of agility {unknown}
 l - a potion of mutation {unknown}
Comestibles
 a - 5 rations


   Skills:
 + Level 4.1 Fighting
 + Level 3.4 Dodging
 + Level 0.8 Stealth
 + Level 4.3 Unarmed Combat


You had 3 spell levels left.
You didn't know any spells.

Dungeon Overview and Level Annotations

Branches:
Dungeon (3/15)

Altars:
Dithmenos
Fedhas
Qazlal

Annotations:
D:3 Hercules1031's ghost, amateur TrFi


Innate Abilities, Weirdness & Mutations

Your plain brown scales are hard. (AC +5)
You cannot fit into any form of body armour.
You are cold-blooded and may be slowed by cold attacks.


Message History

You hit Hercules1031's ghost. You tail-slap Hercules1031's ghost.
Hercules1031's ghost is moderately damaged.
Hercules1031's ghost misses you.
You hit Hercules1031's ghost.
Hercules1031's ghost is moderately damaged.
Hercules1031's ghost hits you!
* * * LOW HITPOINT WARNING * * *
You hit Hercules1031's ghost.
Your tail-slap misses Hercules1031's ghost.
Hercules1031's ghost is heavily damaged.
Hercules1031's ghost hits you.
* * * LOW HITPOINT WARNING * * *
You punch Hercules1031's ghost! Your punch misses Hercules1031's ghost.
Hercules1031's ghost is severely damaged.
Hercules1031's ghost misses you.
You hit Hercules1031's ghost but do no damage.
You tail-slap Hercules1031's ghost.
Hercules1031's ghost is severely damaged.
Hercules1031's ghost hits you!
You die...

..## # #..###### #..
##......###### ###...#
#######......######.......
###########............#
.....##.....##.###.############
........##.###................#
...†..# #.# ####.###########.#
#####.####.###..@.####......#.##
#.#....#...W.......#...##..#
####.#.##.....#########.#####.#
#......##.....# #..# #.#
##.##..........###### #.## ##.#
#..#####.....##.....###.# #..#
..## ##)................# #.##
.## #................### #.###
## #...........<....# ###....


You could see Hercules1031's ghost.

Vanquished Creatures
  Crazy Yiuf (D:3)
  2 adders
  An ooze (D:2)
  2 worms
  3 dart slugs
  An orc (D:3)
  A giant cockroach (D:3)
  4 goblins
  5 hobgoblins
  6 jackals (D:2)
  2 quokkas
  A ball python (D:2)
  9 bats
  3 frilled lizards
  14 kobolds
  12 rats
67 creatures vanquished.

Vanquished Creatures (others)
  A giant cockroach (D:3)
  A bat (D:3)
2 creatures vanquished.

Grand Total: 69 creatures vanquished

Notes
Turn   | Place    | Note
-------+----------+-------------------------------------------
     0 | D:1      | Anathary the Draconian Berserker began the quest for the Orb.
     0 | D:1      | Reached XP level 1. HP: 19/19 MP: 1/1
     1 | D:1      | Noticed a felid
     4 | D:1      | Noticed a vampire
     4 | D:1      | Noticed an octopode
     6 | D:1      | Noticed a vine stalker
     6 | D:1      | Noticed a demigod
     8 | D:1      | Noticed a ghoul
    10 | D:1      | Noticed a centaur
    10 | D:1      | Noticed a dwarf
    12 | D:1      | Noticed a human
    12 | D:1      | Noticed a formicid
    14 | D:1      | Noticed a troll
    14 | D:1      | Noticed a merfolk
    16 | D:1      | Noticed a gargoyle
    16 | D:1      | Noticed a naga
    18 | D:1      | Noticed a halfling
    18 | D:1      | Noticed a spriggan
    20 | D:1      | Noticed a minotaur
    20 | D:1      | Noticed a draconian
    22 | D:1      | Noticed an elf
    24 | D:1      | Noticed a tengu
    24 | D:1      | Noticed a demonspawn
    26 | D:1      | Noticed an ogre
   348 | D:1      | Reached XP level 2. HP: 24/26 MP: 2/2
   596 | D:1      | Reached ** piety under Trog
   825 | D:2      | Reached XP level 3. HP: 21/33 MP: 3/3
  1042 | D:2      | Found a blossoming altar of Fedhas.
  1638 | D:2      | Reached XP level 4. HP: 40/40 MP: 4/4
  1775 | D:3      | Found a stormy altar of Qazlal.
  1775 | D:3      | Found a shadowy altar of Dithmenos.
  1980 | D:3      | Noticed Hercules1031's ghost (amateur TrFi)
  2185 | D:3      | Found a runed door.
  2189 | D:3      | Noticed Crazy Yiuf
  2200 | D:3      | Killed Crazy Yiuf
  2606 | D:3      | Slain by Hercules1031's ghost

Skill      XL: |  1  2  3  4 |
---------------+-------------+-----
Dodging        | 3 |  3.4
Fighting       | 4 |  4.1
Unarmed Combat | 4 |  4.3
Stealth        | |  0.8

Action                   |  1- 3 |  4- 6 || total
-------------------------+-------+-------++-------
Melee: Unarmed           |   141 |    88 ||   229
       Tailslap          |    20 |    15 ||    35
       Punch             |       |     1 ||     1
 Stab: Sleeping          |       |     1 ||     1
  Eat: Ration            |     1 |     1 ||     2
Armor: Skin              |    42 |    18 ||    60
Dodge: Dodged            |    91 |    55 ||   146
